[Event "*** Titled Tuesday Blitz"]
[Site "Chess.com"]
[Date "2020.12.01"]
[Round "7"]
[White "Artyom_ChessMate"]
[Black "Matibar"]
[Result "1/2-1/2"]
[WhiteElo "2572"]
[BlackElo "2749"]
[TimeControl "180+1"]
[EndTime "11:15:55 PST"]
[Termination "Game drawn by repetition"]

1. e4 c6 2. d4 d5 3. exd5 cxd5 4. Bd3 Nc6 5. c3 g6 6. Nf3 Nh6 7. Bf4 f6 8. O-O Nf7 9. h4 Bg7 10. Re1 Bg4 11. Be2 O-O 12. Bg3 Nd6 13. Nbd2 Nf5 14.
Bh2 Kh8 15. Qb3 Na5 16. Qb4 Rc8 17. Ng5 fxg5 18. Bxg4 Nc6 19. Qxb7 gxh4 20. Nf3 Bf6 21. Bxf5 gxf5 22. Ne5 Nxe5 23. Bxe5 Bxe5 24. Rxe5 Rc7 25. Qxd5 Rd7 26. Qc5 Rg8 27. Rxf5 e6 28. Qe5+ Rdg7 29. Rf7 h3 30. g3 Qa8 31. f3 Qe8 32. Rxg7 Rxg7 33.
Rf1 Qa4 34. Kh2 Qxa2 35. Rf2 Qb1 36. Qb8+ Rg8 37. Qe5+ Rg7 38. Qb8+ Rg8 39. Qe5+ Rg7 1/2-1/2

[Event "*** Titled Tuesday Blitz"]
[Site "Chess.com"]
[Date "2020.12.01"]
[Round "7"]
[White "ecwinslow"]
[Black "RaphCamora"]
[Result "1-0"]
[WhiteElo "2262"]
[BlackElo "2418"]
[TimeControl "180+1"]
[EndTime "11:15:56 PST"]
[Termination "ecwinslow won by checkmate"]

1. e4 c5 2. Nf3 Nc6 3. d4 cxd4 4. Nxd4 Nf6 5. Nc3 e5 6. Ndb5 d6 7. Nd5 Nxd5 8. exd5 Ne7 9. c4 Ng6 10.
g3 a6 11. Nc3 Be7 12. h4 h5 13. Be2 Qc7 14. Be3 Nf8 15. Rc1 g6 16. b4 Bf5 17.
O-O Nd7 18. Qd2 O-O 19. Rfd1 b6 20. Bd3 Bxd3 21. Qxd3 f5 22. Na4 Qb7 23. c5 bxc5 24. bxc5 dxc5 25. d6 Bf6 26. Nxc5 Nxc5 27. Rxc5 Rac8 28.
Qc4+ Kh7 29. Rc7+ Rxc7 30. Qxc7+ Qxc7 31. dxc7 Rc8 32. Rd7+ Bg7 33. Bb6 e4 34. Rd8 Rxc7 35. Bxc7 Bc3 36. Rd7+ Kg8 37. Kf1 Kf8 38. Ke2 Ke8 39.
Rh7 Bd4 40. Bf4 Kf8 41. Be3 Be5 42. Ra7 a5 43. Rxa5 Bc7 44. Ra7 Bd6 45. a4 Ke8 46. a5 Kd8 47. a6 Kc8 48. Rg7 Kb8 49. Rxg6 Bc7 50. Rg5 f4 51. gxf4 Bd6 52. f5 Ka8 53. Rg7 Bb4 54. f6 Kb8 55. f7 Kc7 56. f8=Q+ Kc6 57. Qxb4 Kd5 58. Qd4+ Ke6 59. Rg6+ Kf7 60. Qf6+ Ke8 61. Qe6+ Kf8 62. Rg8# 1-0

[Event "*** Titled Tuesday Blitz"]
[Site "Chess.com"]
[Date "2020.12.01"]
[Round "7"]
[White "AquivaRubinstein"]
[Black "Logman74"]
[Result "1-0"]
[WhiteElo "2492"]
[BlackElo "2362"]
[TimeControl "180+1"]
[EndTime "11:15:57 PST"]
[Termination "AquivaRubinstein won on time"]

1. e4 c5 2. Nf3 Nc6 3. d4 cxd4 4. Nxd4 g6 5. Nc3 Bg7 6. Be3 Nf6 7. Bc4 O-O 8. Bb3 a5 9. O-O a4 10. Nxa4 Nxe4 11.
Nb5 Ra6 12. c4 Na5 13. Qe2 Nd6 14. Nxd6 Nxb3 15. axb3 Rxd6 16. c5 Re6 17. Qb5 d6 18. Rfd1 Qc7 19. b4 dxc5 20. bxc5 Rd8 21. h3 Bd7 22.
Qb4 Bc6 23. Nb6 Re4 24. Qb3 Bf6 25. Rxd8+ Qxd8 26. Ra8 Qxa8 27. Nxa8 Ra4 28. Nb6 Ra1+ 29. Kh2 Be5+ 30. f4 Bf6 31. Nd5 Re1 32. Nxf6+ exf6 33. Qd3 Kg7 34. Bd4 Be4 35. Bxf6+ Kh6 36. Qg3 1-0

[Event "*** Titled Tuesday Blitz"]
[Site "Chess.com"]
[Date "2020.12.01"]
[Round "7"]
[White "emiliochess"]
[Black "beto-betun"]
[Result "1-0"]
[WhiteElo "2349"]
[BlackElo "2201"]
[TimeControl "180+1"]
[EndTime "11:15:57 PST"]
[Termination "emiliochess won by resignation"]

1. d4 Nf6 2. Bf4 d6 3. e3 g6 4.
Nf3 Bg7 5. Be2 O-O 6. h3 c5 7. O-O cxd4 8. exd4 Nc6 9. c3 Re8 10.
Na3 b6 11. Bh2 Bb7 12. Qb3 Na5 13. Qb4 Nd5 14. Qa4 Bc6 15. Qc2 Rc8 16. Rad1 Nf6 17. Nd2 Qd7 18. Rfe1 Qb7 19. Bf3 Bxf3 20. Nxf3 Nc6 21.
Qb3 Na5 22. Qc2 Nc6 23. Re2 a6 24. Rde1 b5 25. Nb1 Na5 26. a3 Nc4 27. Nbd2 Kf8 28.
Nxc4 Rxc4 29. Nd2 Rc7 30. Qb3 Qc8 31. Ne4 Nxe4 32. Rxe4 Qf5 33. Bxd6 Rd7 34. Bg3 e6 35. Qb4+ Kg8 36. Qa5 Ra8 37. Qb6 Qd5 38. Be5 h6 39. Bxg7 Kxg7 40. Re5 Qb7 41. Qxb7 Rxb7 42. f4 Rd7 43. g4 Rc8 44. Kf2 Rcc7 45. Kf3 Rd6 46. f5 gxf5 47. gxf5 exf5 48. Rxf5 Rf6 49. Kf4 Rxf5+ 50.
Kxf5 Rd7 51. Rg1+ Kf8 52. Ke5 Re7+ 53. Kd6 Re2 54. Rb1 Rh2 55. d5 Rxh3 56. Kc7 Rd3 57. d6 h5 58. d7 Ke7 59. Re1+ Kf8 60. d8=Q+ Rxd8 61. Kxd8 Kg7 62. Ke7 Kg6 63. Rg1+ 1-0

[Event "*** Titled Tuesday Blitz"]
[Site "Chess.com"]
[Date "2020.12.01"]
[Round "7"]
[White "FearNoEvil12"]
[Black "Mbneu"]
[Result "1-0"]
[WhiteElo "2177"]
[BlackElo "2314"]
[TimeControl "180+1"]
[EndTime "11:15:58 PST"]
[Termination "FearNoEvil12 won by resignation"]

1. e4 c5 2. Nc3 a6 3. a4 Nc6 4.
f4 Nd4 5. Nf3 g6 6. Bc4 Bg7 7.
d3 e6 8. f5 Nxf3+ 9. Qxf3 Qh4+ 10. g3 Qh3 11. fxe6 dxe6 12. Rf1 f5 13. Be3 Nf6 14.
O-O-O O-O 15. Bxc5 Rf7 16. exf5 gxf5 17. Rde1 Ng4 18. d4 Nxh2 19. Qh1 Qh6+ 20. Kb1 Nxf1 21. Qxf1 Bd7 22. Qf3 Bc6 23. Qf2 Re8 24. d5 exd5 25. Nxd5 Rxe1+ 26. Qxe1 Kh8 27. Nf4 Rc7 28. Ne6 Qf6 29.
Nxg7 Rxg7 30. c3 h6 31. Bd4 Qg6 32. Qe5 Kh7 33. Be6 Be4+ 34. Ka1 Qxg3 35. Bxf5+ Bxf5 36. Qxf5+ Qg6 37. Qf3 Rf7 38. Qe3 Qg5 39. Qe4+ Qf5 40. Qe8 Kg6 41. Ka2 Qd5+ 42. Ka3 Qd6+ 43. b4 Qd5 44.
Qg8+ Kh5 45. Qg3 Qf5 46. Qh2+ Kg6 47. Qg3+ Kh7 48. Qb8 h5 49. Qh8+ Kg6 50. Qg8+ Kh6 51. Be3+ 1-0

[Event "*** Titled Tuesday Blitz"]
[Site "Chess.com"]
[Date "2020.12.01"]
[Round "7"]
[White "vanea_03"]
[Black "Beltraxtor"]
[Result "0-1"]
[WhiteElo "2718"]
[BlackElo "2576"]
[TimeControl "180+1"]
[EndTime "11:15:59 PST"]
[Termination "Beltraxtor won by checkmate"]

1. d4 d5 2. c4 c6 3. cxd5 cxd5 4. Bf4 Nf6 5. e3 Nc6 6. Bb5 Bd7 7. Nc3 e6 8. Bd3 Be7 9. h3 O-O 10. Nf3 Qb6 11. Qe2 Rfc8 12. O-O Be8 13. Ne5 Nxe5 14. Bxe5 a6 15. Rac1 Qa5 16. Bb1 b5 17. a3 b4 18.
axb4 Qxb4 19. Bd3 a5 20. Rc2 a4 21. Rfc1 a3 22. Bxf6 Bxf6 23. Nxd5 Rxc2 24. Nxf6+ gxf6 25. Qxc2 axb2 26. Rb1 Ra1 27. Kh2 Rxb1 28. Qxb1 Ba4 29. Bxh7+ Kf8 30. Bd3 f5 31. h4 Kg7 32. Kg3 Qc3 33. h5 Bb3 34. f3 Qc1 35. Kf4 Kf6 36. g3 Qc7# 0-1

[Event "*** Titled Tuesday Blitz"]
[Site "Chess.com"]
[Date "2020.12.01"]
[Round "7"]
[White "anon102030"]
[Black "MatyChess1"]
[Result "1/2-1/2"]
[WhiteElo "2714"]
[BlackElo "2565"]
[TimeControl "180+1"]
[EndTime "11:15:59 PST"]
[Termination "Game drawn by repetition"]

1. e4 c5 2. Nc3 Nc6 3. g3 g6 4. Bg2 Bg7 5. d3 d6 6. Be3 b6 7. Nf3 Nd4 8. O-O Bb7 9. Bxd4 cxd4 10. Ne2 e5 11. c3 dxc3 12. Qa4+ Qd7 13. Qxd7+ Kxd7 14. Nxc3 Ne7 15. Rfd1 Rhd8 16. Rac1 Ke8 17. d4 exd4 18.
Nxd4 a6 19. Rc2 d5 20. Nxd5 Nxd5 21. exd5 Bxd5 22. Re2+ Kf8 23. Red2 Bxg2 24. Ne6+ fxe6 25. Rxd8+ Rxd8 26. Rxd8+ Ke7 27. Rg8 Kf7 28. Rxg7+ Kxg7 29. Kxg2 Kf6 30. Kf3 Ke5 31. Ke3 Kd5 32. Kf4 h6 33.
Ke3 a5 34. h4 b5 35. Kd3 Ke5 36. f3 Kd5 37. Ke3 Ke5 38. Kd3 Kd5 39. Ke3 Ke5 40.
Kd3 1/2-1/2

[Event "*** Titled Tuesday Blitz"]
[Site "Chess.com"]
[Date "2020.12.01"]
[Round "7"]
[White "Tpros"]
[Black "Triumphmate"]
[Result "1-0"]
[WhiteElo "2512"]
[BlackElo "2395"]
[TimeControl "180+1"]
[EndTime "11:15:59 PST"]
[Termination "Tpros won by resignation"]

1. c4 e6 2. d3 d5 3. Nd2 Nf6 4.
Ngf3 c5 5. g3 Nc6 6. Bg2 Be7 7.
O-O O-O 8. a3 d4 9. Ne1 e5 10.
Rb1 Be6 11. Nc2 Rc8 12. b4 Nd7 13. Ne4 f5 14. Nxc5 Nxc5 15. bxc5 Bxc5 16. Nb4 Qe7 17.
Bd2 h6 18. Qa4 Kh7 19. Nxc6 bxc6 20. Bb4 Kh8 21. Rb2 e4 22. Rfb1 exd3 23. exd3 f4 24.
Re1 fxg3 25. hxg3 Bxb4 26. Qxb4 c5 27. Qb7 Rc7 28. Qe4 Re8 29. Rbe2 Qf7 30. Bh3 Bd7 31. Qxe8+ Bxe8 32. Rxe8+ Kh7 33. Bg2 h5 34. R1e6 Rb7 35.
Be4+ g6 36. Bxb7 Qxb7 37. R8e7+ Qxe7 38. Rxe7+ 1-0

[Event "*** Titled Tuesday Blitz"]
[Site "Chess.com"]
[Date "2020.12.01"]
[Round "7"]
[White "szachuspl"]
[Black "WeAintSurePal"]
[Result "0-1"]
[WhiteElo "2476"]
[BlackElo "2378"]
[TimeControl "180+1"]
[EndTime "11:15:59 PST"]
[Termination "WeAintSurePal won by resignation"]

1. Nf3 e6 2. b3 Nf6 3. Bb2 b6 4.
c4 Bb7 5. e3 c5 6. Be2 d6 7.
Nc3 Nbd7 8. Qc2 a6 9. a3 g6 10. g4 h6 11. Rg1 Bg7 12. h4 Ne5 13. Nxe5 dxe5 14. g5 hxg5 15. hxg5 Ng8 16. O-O-O Ne7 17. Ne4 Qc7 18. f4 O-O-O 19. Nf2 Nf5 20. fxe5 Bxe5 21.
Ng4 Bxb2+ 22. Qxb2 Ng3 23. Rde1 Nxe2+ 24. Rxe2 Bf3 25.
Rf2 Bxg4 26. Rxg4 Rh1+ 27. Kc2 Qd7 28. Qc3 e5 29. Re4 Qh3 30. Rxe5 Qg3 31. Rxf7 Qe1 32. Rxc5+ bxc5 33. Rc7+ Kxc7 34. Qe5+ Rd6 35. Qe7+ Kc6 36. Qe8+ Rd7 37. Qe6+ Kc7 38. Qe5+ Kd8 39. Qb8+ Ke7 40. Qe5+ Kf8 41. Qf6+ Rf7 42. Qd6+ Kg8 43. Qxc5 Qb1+ 44. Kc3 Qc1+ 45. Kb4 Qxd2+ 46. Ka4 Qd7+ 47. Kb4 Qe7 48. Qxe7 Rxe7 0-1

[Event "*** Titled Tuesday Blitz"]
[Site "Chess.com"]
[Date "2020.12.01"]
[Round "7"]
[White "PenguinPacks"]
[Black "azikom"]
[Result "0-1"]
[WhiteElo "2400"]
[BlackElo "2637"]
[TimeControl "180+1"]
[EndTime "11:16:00 PST"]
[Termination "azikom won by resignation"]

1. d4 d5 2. Bf4 c6 3. c4 dxc4 4.
e3 Nf6 5. Bxc4 e6 6. Nc3 Be7 7. h3 O-O 8. Nf3 b6 9. Ne5 Bb7 10. O-O c5 11. Qd3 Nc6 12. Rfd1 cxd4 13. exd4 Nb4 14. Qe2 Nbd5 15. Bg3 Rc8 16. Rac1 Nxc3 17. bxc3 Nd5 18. Re1 Bg5 19. Rc2 Bh4 20. Bh2 Bf6 21.
Qd3 g6 22. Bb3 Bg7 23. a3 Qg5 24. Nf3 Qf5 25. Qd2 Rfd8 26. Rcc1 Ne7 27. Ne5 Bd5 28. Bc2 Qh5 29. Bd1 Bh6 30. f4 Qh4 31. Ng4 Bg7 32.
Qe3 Nf5 33. Qe2 Qe7 34. Nf2 Qxa3 35. Qg4 Qxc1 36. Nd3 Qd2 0-1

[Event "*** Titled Tuesday Blitz"]
[Site "Chess.com"]
[Date "2020.12.01"]
[Round "7"]
[White "Shota_Azaladze"]
[Black "gmpeter008"]
[Result "1-0"]
[WhiteElo "2647"]
[BlackElo "2446"]
[TimeControl "180+1"]
[EndTime "11:16:01 PST"]
[Termination "Shota_Azaladze won by resignation"]

1. Nf3 Nf6 2. g3 b5 3. Bg2 Bb7 4. O-O c5 5. b3 e6 6. c4 bxc4 7. bxc4 Be7 8. Nc3 O-O 9. Rb1 Bc6 10. d3 d6 11. e4 Nbd7 12. Bf4 Rc8 13. Qc2 Ng4 14.
h3 Nge5 15. Nxe5 Nxe5 16. Be3 Nd7 17. Nb5 Ra8 18. f4 Qa5 19. Bd2 Qd8 20. d4 Bxb5 21. cxb5 cxd4 22. Qa4 e5 23. Rfc1 Nc5 24. Qc4 exf4 25.
gxf4 Ne6 26. a4 Rb8 27. a5 Kh8 28. Qd5 Qd7 29. Rc6 Rfd8 30. Rbc1 Nc5 31. b6 axb6 32.
axb6 d3 33. e5 dxe5 34. R1xc5 Bxc5+ 35. Qxc5 exf4 36. Rc7 Qd4+ 37. Qxd4 Rxd4 38. b7 Rdd8 39. Kf2 Kg8 40. h4 Kf8 41. Rc1 Ke7 42. Bxf4 d2 43.
Rd1 f6 44. Bxb8 1-0

[Event "*** Titled Tuesday Blitz"]
[Site "Chess.com"]
[Date "2020.12.01"]
[Round "7"]
[White "enriquebutti"]
[Black "Meri-Arabidze"]
[Result "0-1"]
[WhiteElo "2082"]
[BlackElo "2623"]
[TimeControl "180+1"]
[EndTime "11:16:01 PST"]
[Termination "Meri-Arabidze won by resignation"]

1. d4 d5 2. c4 e6 3. Nf3 Nf6 4. e3 Nbd7 5. Nc3 a6 6. b3 c5 7. Bb2 cxd4 8. exd4 Bd6 9. Bd3 O-O 10.
O-O dxc4 11. bxc4 b6 12. Qe2 Bb7 13. Rad1 Qc7 14. d5 exd5 15. Nxd5 Bxd5 16. cxd5 Rfe8 17. Qd2 Bf4 18. Qb4 Qd6 19. Qd4 Nc5 20. Bf5 Rad8 21.
g3 Bh6 22. Qh4 Nxd5 23. Ng5 Qe7 24. Bxh7+ Kf8 25. f4 Ne3 26. Rxd8 Rxd8 27. Bc3 Nxf1 28. Kxf1 Rd1+ 29. Kg2 Qe2+ 30. Kh3 Qf1+ 31. Kg4 Rd6 32. Bf5 Qd1+ 33. Nf3 Nd3 34. Bxd3 Rxd3 0-1

[Event "*** Titled Tuesday Blitz"]
[Site "Chess.com"]
[Date "2020.12.01"]
[Round "7"]
[White "Hypercar"]
[Black "Grammnik"]
[Result "0-1"]
[WhiteElo "2462"]
[BlackElo "2365"]
[TimeControl "180+1"]
[EndTime "11:16:02 PST"]
[Termination "Grammnik won by checkmate"]

1. d4 d5 2. c4 c6 3. cxd5 cxd5 4.
Nf3 Nf6 5. Bd2 Nc6 6. Nc3 Bf5 7. e3 e6 8. Be2 Bd6 9. O-O O-O 10. Na4 Rc8 11. Rc1 Re8 12. Nc5 Qe7 13. h3 Rc7 14. b4 Ne4 15. a4 h6 16. Bb5 Bxc5 17.
bxc5 f6 18. Qb3 Bg6 19. Rfd1 Bh5 20. Be2 g5 21. Be1 Qg7 22. g4 Bg6 23. Nh2 f5 24.
f3 Nf6 25. Bg3 Rd7 26. Bb5 Rc8 27. Be5 Qf7 28. Bxc6 Rxc6 29. Qc3 Kh7 30. Nf1 h5 31. gxf5 Bxf5 32. Kf2 g4 33. hxg4 hxg4 34. Ng3 gxf3 35. Rh1+ Kg8 36. Rcg1 Ng4+ 37. Kf1 Qg6 38. Nxf5 exf5 39.
Rh8+ Kf7 40. Bf4 Ke6 41. Rgh1 Rcc7 42. R8h6 Nxh6 43. Rxh6 Qxh6 44. Bxh6 Rh7 45. Bf4 Rcg7 46. c6 Rg2 47. e4 Rh1# 0-1

[Event "*** Titled Tuesday Blitz"]
[Site "Chess.com"]
[Date "2020.12.01"]
[Round "7"]
[White "Praslov"]
[Black "zala02"]
[Result "0-1"]
[WhiteElo "2404"]
[BlackElo "2169"]
[TimeControl "180+1"]
[EndTime "11:16:04 PST"]
[Termination "zala02 won on time"]

1. d4 Nf6 2. Nf3 d5 3. c4 e6 4. Nc3 Bb4 5. e3 O-O 6. Bd3 c5 7. O-O dxc4 8. Bxc4 Qc7 9. Qe2 Bxc3 10. bxc3 Nc6 11.
Ba3 b6 12. e4 Rd8 13. Rac1 Bb7 14. dxc5 bxc5 15. Bd3 Ne5 16. Nxe5 Qxe5 17. Rfe1 Rac8 18.
c4 Qg5 19. Bb2 Nh5 20. Qf3 Nf4 21. Bf1 Rd2 22. Bc3 Rxa2 23. g3 Ng6 24. Bg2 h5 25. h4 Qh6 26. Re2 Rxe2 27. Qxe2 Qxc1+ 28. Kh2 Qxc3 29. Qxh5 Qxc4 30. Qg5 Bxe4 31. h5 Bxg2 32. hxg6 Qf1 33. gxf7+ Kf8 0-1

[Event "*** Titled Tuesday Blitz"]
[Site "Chess.com"]
[Date "2020.12.01"]
[Round "7"]
[White "XDPS"]
[Black "Isajevsky_Anton"]
[Result "1-0"]
[WhiteElo "2774"]
[BlackElo "2572"]
[TimeControl "180+1"]
[EndTime "11:16:07 PST"]
[Termination "XDPS won by resignation"]

1. d4 d5 2. Bf4 Nf6 3. e3 c5 4.
Nf3 Nc6 5. Nbd2 cxd4 6. exd4 Bf5 7. c3 e6 8. Qb3 Qc8 9. Be2 Be7 10. O-O O-O 11.
Rfe1 h6 12. Ne5 Nxe5 13. dxe5 Ne4 14. Nf3 Bh7 15. Be3 Nc5 16. Qd1 b5 17. Nd4 a6 18.
Rc1 Rb8 19. f4 Qd7 20. Kh1 Rfc8 21. Rf1 b4 22. cxb4 Rxb4 23. b3 a5 24. Bg4 Nd3 25. Rxc8+ Qxc8 26. Qd2 Be4 27. Bf3 a4 28. a3 Rxd4 29.
Bxd4 axb3 30. Bxe4 dxe4 31. a4 Qc2 32. Qxc2 bxc2 33. Be3 Ba3 34. a5 c1=Q 35. Bxc1 Bxc1 36. Rxc1 Nxc1 37. a6 e3 38. a7 e2 39. a8=Q+ Kh7 40.
Qe4+ 1-0

[Event "*** Titled Tuesday Blitz"]
[Site "Chess.com"]
[Date "2020.12.01"]
[Round "7"]
[White "ARTHURMOTIVATOR"]
[Black "annacramling"]
[Result "1-0"]
[WhiteElo "2230"]
[BlackElo "2109"]
[TimeControl "180+1"]
[EndTime "11:16:07 PST"]
[Termination "ARTHURMOTIVATOR won by checkmate"]

1. e4 c5 2. b3 Nc6 3. Bb2 d6 4. Bb5 Bd7 5. d3 Nf6 6. Nd2 e6 7. f4 Be7 8. Ngf3 O-O 9. O-O a6 10. Bxc6 Bxc6 11. Qe1 b5 12. e5 dxe5 13. Nxe5 Bb7 14.
Ne4 Qd5 15. Qg3 Rfd8 16. Rae1 Nh5 17. Qh3 g6 18. g4 Ng7 19. Rf2 f5 20. Ng3 Bd6 21.
gxf5 exf5 22. Rfe2 Re8 23. Qh4 Nh5 24. h3 Nxg3 25. Qxg3 Qh1+ 26. Kf2 Bxe5 27. Rxh1 Bd4+ 28.
Bxd4 Bxh1 29. Rxe8+ Rxe8 30. Be5 Rd8 31. Qe3 Bd5 32. c4 Bf7 33. Qxc5 Re8 34. Qc6 Rd8 35. Qf6 Rd6 36. Qg7# 1-0

[Event "*** Titled Tuesday Blitz"]
[Site "Chess.com"]
[Date "2020.12.01"]
[Round "7"]
[White "Mikhail_Golubev"]
[Black "Vuk2000"]
[Result "1-0"]
[WhiteElo "2573"]
[BlackElo "2706"]
[TimeControl "180+1"]
[EndTime "11:16:08 PST"]
[Termination "Mikhail_Golubev won by resignation"]

1. e4 e6 2. d4 d5 3. Nc3 Bb4 4.
e5 c5 5. a3 Bxc3+ 6. bxc3 Ne7 7. a4 b6 8. Bb5+ Bd7 9. Bd3 Nbc6 10. Nf3 cxd4 11. cxd4 Nb4 12. Ba3 Nxd3+ 13. Qxd3 h6 14. O-O O-O 15. a5 a6 16. axb6 Bb5 17. Qb3 Qd7 18.
Rfb1 Rfb8 19. Bc5 Nc8 20. Nd2 Nxb6 21. Bxb6 Rxb6 22. c4 dxc4 23. Nxc4 Rbb8 24. Nd6 Qc6 25. Rc1 Qb6 26. Qf3 Rf8 27. h3 Rab8 28. d5 exd5 29. Qxd5 Qd8 30. Rc3 Qd7 31. Rg3 Qe6 32. Qe4 Rbd8 33.
Nf5 g6 34. Nxh6+ Kh7 35. Qh4 Kg7 36. Qg5 Rh8 37. Nf5+ Kf8 38. Qxd8+ Be8 39. Qd6+ 1-0

[Event "*** Titled Tuesday Blitz"]
[Site "Chess.com"]
[Date "2020.12.01"]
[Round "7"]
[White "TheCairnTerrier"]
[Black "malakismayil"]
[Result "0-1"]
[WhiteElo "2150"]
[BlackElo "2277"]
[TimeControl "180+1"]
[EndTime "11:16:08 PST"]
[Termination "malakismayil won by resignation"]

1. e4 e5 2. Nf3 Nc6 3. Bc4 Bc5 4. c3 Nf6 5. d3 d6 6. O-O O-O 7. h3 h6 8. Bb3 Bb6 9. Nbd2 Be6 10. Nc4 Re8 11. Nxb6 axb6 12. Bc2 d5 13. Re1 Qd7 14. Nh2 Rad8 15. Qf3 dxe4 16. dxe4 Qe7 17. Be3 Rd7 18. Ng4 Nxg4 19. hxg4 Qh4 20. Qe2 Bxg4 21. f3 Be6 22. Red1 Red8 23. Rxd7 Rxd7 24. Rd1 Qe7 25. a3 Na5 26. Ba4 Rxd1+ 27. Qxd1 Nc4 28. Bc1 Qc5+ 29.
Kf1 Nd6 30. Bb3 Qb5+ 31. c4 Bxc4+ 32. Bxc4 Qxc4+ 33. Kg1 b5 34. Kh1 b4 35. Be3 bxa3 36. bxa3 Qc3 37. Bc1 Kh7 38. f4 Nxe4 39. Bd2 0-1

[Event "*** Titled Tuesday Blitz"]
[Site "Chess.com"]
[Date "2020.12.01"]
[Round "7"]
[White "Markov_Mikhail"]
[Black "gross-aleks"]
[Result "1-0"]
[WhiteElo "2722"]
[BlackElo "2538"]
[TimeControl "180+1"]
[EndTime "11:16:09 PST"]
[Termination "Markov_Mikhail won by resignation"]

1. c4 e5 2. Nc3 Nf6 3. Nf3 Nc6 4. a3 d6 5. g3 Be6 6. d3 h6 7. Bg2 Qd7 8. O-O Bh3 9. b4 g6 10. b5 Nd8 11. a4 Bg7 12. Nd5 Nxd5 13. cxd5 Bxg2 14.
Kxg2 c6 15. bxc6 bxc6 16. dxc6 Nxc6 17. Rb1 O-O 18. Be3 d5 19. Rb5 d4 20. Bd2 a6 21. Rc5 Rfc8 22. Qc2 Nd8 23. Rc1 Rxc5 24. Qxc5 Ne6 25. Qc6 Qxc6 26. Rxc6 Kf8 27. Bb4+ Ke8 28.
a5 Kd7 29. Rb6 Ra7 30. Nd2 Nc7 31. Nc4 Nb5 32. Bc5 h5 33. h3 Rc7 34. Bb4 Rc6 35.
Rb7+ Rc7 36. Rb8 Kc6 37. Rb6+ Kd5 38. Rxa6 e4 39. Rb6 Rxc4 40. dxc4+ Kxc4 41. a6 d3 42. exd3+ exd3 43. Rxb5 Bd4 44. Rb7 1-0

[Event "*** Titled Tuesday Blitz"]
[Site "Chess.com"]
[Date "2020.12.01"]
[Round "7"]
[White "ural58"]
[Black "Ranindu2003"]
[Result "0-1"]
[WhiteElo "2438"]
[BlackElo "2595"]
[TimeControl "180+1"]
[EndTime "11:16:09 PST"]
[Termination "Ranindu2003 won on time"]

1. e4 g6 2. d4 Bg7 3. Nc3 d6 4. h4 h6 5. f4 h5 6. Be3 a6 7.
Qd2 b5 8. a4 b4 9. Nce2 a5 10.
Ng3 Nf6 11. Bc4 Bb7 12. d5 Nbd7 13. Bd4 O-O 14. Nf3 c6 15. dxc6 Bxc6 16. Ng5 e5 17.
Be3 Ng4 18. O-O exf4 19. Rxf4 Nde5 20. Bb3 Bh6 21. Raf1 Kh8 22. Bd4 Bxg5 23. hxg5 Qxg5 24. Qd1 Qh4 25. Rxg4 hxg4 26. Qe1 Kg8 27. Qf2 Qe7 28. Qf4 Kg7 29. Kf2 Qf6 30. Ke3 Qxf4+ 31. Rxf4 Rae8 32.
Rxg4 Bd7 33. Rf4 f6 34. Rf1 Rh8 35. Rg1 Rh2 0-1

[Event "*** Titled Tuesday Blitz"]
[Site "Chess.com"]
[Date "2020.12.01"]
[Round "7"]
[White "maxz1996"]
[Black "underdogchss"]
[Result "0-1"]
[WhiteElo "2215"]
[BlackElo "2358"]
[TimeControl "180+1"]
[EndTime "11:16:09 PST"]
[Termination "underdogchss won on time"]

1. e4 c5 2. Nc3 a6 3. Nf3 e6 4. d4 cxd4 5. Nxd4 Qc7 6. a3 b5 7.
Be3 Bb7 8. Bd3 Nf6 9. f4 b4 10.
e5 bxc3 11. exf6 cxb2 12. Rb1 gxf6 13. O-O Bxa3 14. Qh5 Nc6 15. Nxc6 Qxc6 16. Rf2 Rg8 17. Bf1 Qe4 18. Bb6 Rc8 19. Qd1 Rc6 20. Ba7 Rd6 21. Qh5 Rd5 22. Qh6 Ke7 23. Qh3 Rf5 24. Qxa3+ d6 25. Rxb2 Rb5 26. Rxb5 axb5 27. Bb6 f5 28.
Ba5 Ra8 29. Qc3 Bc6 30. Bb4 Kd7 31. Qe1 Qd5 32. Rd2 Qe4 33. c3 d5 34. Rf2 Qxe1 35. h3 Ra1 36. Kh2 Qxf2 37. Bc5 d4 38.
Bxd4 Qxf1 0-1

[Event "*** Titled Tuesday Blitz"]
[Site "Chess.com"]
[Date "2020.12.01"]
[Round "7"]
[White "alexsuper1987"]
[Black "MaxLeto"]
[Result "1-0"]
[WhiteElo "2296"]
[BlackElo "2362"]
[TimeControl "180+1"]
[EndTime "11:16:10 PST"]
[Termination "alexsuper1987 won by resignation"]

1. e4 b6 2. d4 Bb7 3. Bd3 d6 4. Nf3 e6 5. O-O Nd7 6. Re1 Be7 7. Nbd2 a6 8. c3 g5 9. Nf1 g4 10. N3d2 h5 11. f4 gxf3 12. Qxf3 Nf8 13. Qg3 Bh4 14. Qg7 Bf6 15. Qg3 Bh4 16. Qg7 Ng6 17. e5 N8e7 18. g3 Bg5 19. Nf3 Rg8 20. Qh7 Rh8 21.
Qg7 Bxc1 22. Raxc1 Bxf3 23. Nd2 Bb7 24. Be4 d5 25. Bc2 Qd7 26. Rf1 Rf8 27. Nf3 O-O-O 28. Ng5 Nf5 29. Bxf5 exf5 30. Qf6 f4 31. gxf4 Rde8 32.
f5 Ne7 33. Kh1 Kb8 34. Rc2 Ng8 35. Qg7 Qd8 36. f6 Qd7 37. Rg2 c5 38. e6 Qd6 39.
exf7 Rd8 40. fxg8=Q Rxg8 41. Qe7 Qc7 42. Qxc7+ Kxc7 43. f7 Rh8 44. Ne6+ Kd7 45. Nxd8 1-0

[Event "*** Titled Tuesday Blitz"]
[Site "Chess.com"]
[Date "2020.12.01"]
[Round "7"]
[White "szabadaba"]
[Black "sergeikim"]
[Result "1-0"]
[WhiteElo "2671"]
[BlackElo "2522"]
[TimeControl "180+1"]
[EndTime "11:16:12 PST"]
[Termination "szabadaba won by resignation"]

1. e4 e5 2. Nf3 Nc6 3. Bb5 a6 4. Ba4 Nf6 5. O-O b5 6. Bb3 Bc5 7. d3 d6 8. c3 h6 9. a4 Bb7 10. axb5 axb5 11. Rxa8 Qxa8 12. d4 Bb6 13. d5 Ne7 14.
Re1 Ng6 15. Nbd2 O-O 16. Nf1 c6 17. dxc6 Bxc6 18. Ng3 Nxe4 19. Nxe4 Bxe4 20. Qxd6 Bxf3 21. Qxg6 Qc6 22. Qxc6 Bxc6 23. Rxe5 Ra8 24. Re1 Kf8 25. h3 Bc5 26. Be3 Be7 27. Bd4 f6 28. Re6 Be8 29. Rb6 Ra1+ 30. Kh2 Rb1 31. c4 Rd1 32. Be3 Rd3 33. Bc2 Rd6 34. c5 Rxb6 35. cxb6 Bd6+ 36. Kg1 Bc6 37. f3 Ke7 38. Bf5 Bg3 39. Bc5+ Bd6 40. b4 Bb7 41. Kf2 g5 42. Ke3 h5 43.
Kd4 h4 44. Be4 1-0

[Event "*** Titled Tuesday Blitz"]
[Site "Chess.com"]
[Date "2020.12.01"]
[Round "7"]
[White "ENajer77"]
[Black "PSvidler"]
[Result "0-1"]
[WhiteElo "2686"]
[BlackElo "2867"]
[TimeControl "180+1"]
[EndTime "11:16:13 PST"]
[Termination "PSvidler won on time"]

1. e4 c5 2. Nf3 d6 3. d4 cxd4 4. Nxd4 Nf6 5. Nc3 a6 6. Bg5 Nbd7 7. f4 h6 8. Bh4 g6 9. f5 g5 10. Bf2 b5 11. h4 g4 12. Bd3 Bb7 13. Qe2 Rc8 14. Nd5 Bg7 15. O-O-O Ne5 16. Nxf6+ Bxf6 17. Kb1 Rg8 18. Be3 h5 19. Bg5 Qb6 20. Bxf6 exf6 21. c3 Ke7 22. Qd2 b4 23. Ne2 bxc3 24. Nxc3 Rc7 25.
Be2 Rgc8 26. Qd4 Qxd4 27. Rxd4 a5 28. Rhd1 Rxc3 29. bxc3 Rxc3 30. Ka1 Re3 31. Bd3 Nxd3 32. R1xd3 Rxd3 33. Rxd3 Bxe4 34. Re3 d5 35. g3 Kd6 36.
Ra3 Ke5 37. Rxa5 Kd4 38. Ra7 Ke3 39. Rxf7 Kf3 40. Rxf6 Kxg3 41. a4 Kf4 42. a5 g3 43.
a6 d4 44. a7 g2 45. Rg6 Kxf5 46. Rg5+ Kf4 47. Kb2 Kf3 48. Kc1 Kf2 49. Kd2 g1=Q 50. Rxg1 Kxg1 0-1

[Event "*** Titled Tuesday Blitz"]
[Site "Chess.com"]
[Date "2020.12.01"]
[Round "7"]
[White "Andro2"]
[Black "Kavyev_Ruslan"]
[Result "0-1"]
[WhiteElo "2393"]
[BlackElo "2518"]
[TimeControl "180+1"]
[EndTime "11:16:13 PST"]
[Termination "Kavyev_Ruslan won on time"]

1. e4 c5 2. Nf3 d6 3. d4 cxd4 4.
Nxd4 Nf6 5. Nc3 a6 6. Qd3 g6 7. Be2 Bg7 8. Bg5 O-O 9. O-O-O Nc6 10. Nxc6 bxc6 11. e5 Nd5 12. Nxd5 cxd5 13. exd6 Qxd6 14. Qxd5 Qb4 15. Qb3 Qa5 16. Bxe7 Be6 17. Qa3 Qe5 18.
Rhe1 Rfb8 19. c3 Bf5 20. Bd3 Bh6+ 21. Kc2 Bxd3+ 22. Kxd3 Qf5+ 23. Ke2 Qb5+ 24. c4 Qxc4+ 25. Qd3 Rxb2+ 26. Kf1 Qxa2 27. Qf3 Re8 28. Bf6 Rxe1+ 29. Rxe1 Rb1 30. Qa8+ Bf8 31. Qe4 Rxe1+ 32. Qxe1 Qc4+ 33.
Kg1 Qe6 34. Qa1 a5 35. h4 a4 36. h5 a3 37. hxg6 hxg6 38. Qd4 Qd6 39. Qc3 a2 40. g3 Be7 41. Be5 Qc5 42. Qb2 Qd5 43.
Kh2 Kh7 44. Bc3 Qf3 45. Bd4 Qd5 46. Bc3 Qc4 47. Be5 Bc5 0-1